 Dungeon Crawl Stone Soup version 0.28-a0-723-g095bd1b44f (webtiles) character file.

Game seed: 1104096865707198508

31528 frimble the Grappler (level 13, 0/133 HPs)
             Began as a Troll Warper on Oct 26, 2021.
             Was a Priest of Cheibriados.
             Slain by an eight-headed hydra (7 damage)
             ... on level 5 of the Lair of Beasts.
             The game lasted 00:22:56 (12625 turns).

frimble the Grappler (Troll Warper)                Turns: 12625, Time: 00:22:56

Health: 0/133      AC:  9    Str: 30    XL:     13   Next: 26%
Magic:  11/14      EV: 14    Int: 21    God:    Cheibriados [***...]
Gold:   837        SH:  0    Dex: 29    Spells: 11/14 levels left

rFire   . . .      SeeInvis .     - Unarmed
rCold   . . .      Faith    .   (no shield)
rNeg    . . .      Spirit   .   D - +1 troll leather armour
rPois   .          Reflect  .   d - +0 hat {Will+}
rElec   .          Harm     .   p - +1 cloak {Stlth+}
rCorr   .          Rampage  .   (gloves unavailable)
Will    +....                   (boots unavailable)
Stlth   +++.......              E - amulet of regeneration
HPRegen 3.32/turn               u - +6 ring of dexterity
MPRegen 0.14/turn               r - +6 ring of dexterity

@: very slow
A: large, unfitting armour, claws 3, regeneration 1, shaggy fur 1, tough skin 1
a: Renounce Religion, Bend Time, Temporal Distortion


You were on level 5 of the Lair of Beasts.
You worshipped Cheibriados.
Cheibriados was most pleased with you.
You visited 2 branches of the dungeon, and saw 16 of its levels.

You collected 870 gold pieces.
You spent 33 gold pieces at shops.

Inventory:

Missiles
 c - a boomerang of dispersal
 h - a silver boomerang
 j - a throwing net
 v - 4 large rocks (quivered)
 w - 57 poisoned darts
 I - 6 javelins
Armour
 d - a +0 hat of willpower (worn)
 f - a +2 robe of positive energy
 p - a +1 cloak of stealth (worn)
 D - a +1 troll leather armour (worn)
 M - a +0 kite shield
Jewellery
 g - a ring of protection from fire
 k - a ring of protection from fire
 q - a ring of wizardry
 r - a +6 ring of dexterity (right claw)
 u - a +6 ring of dexterity (left claw)
 E - an amulet of regeneration (around neck)
 H - a +4 ring of evasion
 K - a +6 ring of dexterity
Wands
 y - a wand of flame (17)
 z - a wand of digging (13)
 B - a wand of paralysis (6)
 J - a wand of mindburst (13)
 P - a wand of charming (11)
Scrolls
 C - 3 scrolls of amnesia
 F - 3 scrolls of identify
 G - a scroll of enchant weapon
 L - a scroll of teleportation
 N - a scroll of holy word
Potions
 a - 2 potions of might
 b - 2 potions of magic
 e - 5 potions of brilliance
 i - 8 potions of haste
 l - 5 potions of flight {unknown}
 m - 4 potions of degeneration {unknown}
 n - 6 potions of curing
 o - a potion of resistance {unknown}
 s - 3 potions of mutation {unknown}
 t - 5 potions of invisibility {unknown}
 x - 4 potions of ambrosia {unknown}
 A - 3 potions of heal wounds {unknown}


   Skills:
 + Level 9.9 Fighting
 + Level 8.5 Throwing
 - Level 5.4 Dodging
 * Level 2.2 Shields
 + Level 11.6 Unarmed Combat
 - Level 1.2 Spellcasting
 - Level 7.6 Translocations
 + Level 3.6 Invocations
 - Level 4.3 Evocations


You had 11 spell levels left.
You knew the following spells:

 Your Spells              Type           Power      Damage    Failure   Level
a - Blink                 Tloc           66%        N/A       1%          2
b - Apportation           Tloc           66%        N/A       1%          1

Your spell library contained the following spells:

 Spells                   Type           Power      Damage    Failure   Level
 Gell's Gravitas          Tloc           16%        N/A       2%          3
 Lesser Beckoning         Tloc           33%        N/A       2%          3
 Teleport Other           Tloc           33%        N/A       2%          3
 Animate Skeleton         Necr           2%         N/A       19%         1
 Beastly Appendage        Tmut           2%         N/A       19%         1
 Magic Dart               Conj           4%         1d3       19%         1
 Summon Small Mammal      Summ           4%         N/A       19%         1
 Manifold Assault         Tloc           33%        N/A       22%         5
 Ensorcelled Hibernation  Hex/Ice        2%         N/A       26%         2
 Searing Ray              Conj           2%         2d4       26%         2
 Slow                     Hex            1%         N/A       26%         2
 Wereblood                Tmut           1%         N/A       26%         2
 Iskenderun's Mystic Bla  Conj/Tloc      17%        2d5       36%         4
 Confusing Touch          Hex            1%         N/A       47%         3
 Frozen Ramparts          Ice            2%         1d2       47%         3
 Spider Form              Tmut/Pois      0%         N/A       47%         3
 Stone Arrow              Conj/Erth      2%         3d7       47%         3
 Vampiric Draining        Necr           0%         2d6       47%         3
 Animate Armour           Summ/Erth      2%         N/A       87%         4
 Fulminant Prism          Conj/Hex       0%         3d6       87%         4
 Ice Form                 Ice/Tmut       1%         N/A       87%         4
 Summon Ice Beast         Ice/Summ       1%         N/A       87%         4
 Iskenderun's Battlesphe  Conj           1%         2d6       99%         5
 Lee's Rapid Deconstruct  Erth           0%         3d5*      99%         5
 Iron Shot                Conj/Erth      0%         9d1       100%        6
 Spellforged Servitor     Conj/Summ      0%         N/A       100%        7
 Lehudib's Crystal Spear  Conj/Erth      0%         10d2      100%        8


Dungeon Overview and Level Annotations

Branches:
Dungeon (11/15)            Temple (0/1) D:5            Lair (5/6) D:10
 Shoals (0/4) Lair:3        Snake (0/4) Lair:4        Slime (0/5) Lair:5
    Orc (0/2) D:11

Altars:
Ashenzari
Cheibriados
Kikubaaqudgha
Makhleb
Nemelex Xobeh
Okawaru
Qazlal
Trog
Uskayaw
Vehumet
Wu Jian
Xom
Yredelemnul
Zin
The Shining One
Jiyva

Shops:
D:3 =!   D:4 [   D:10 (

Annotations:
D:8 1 runed translucent door, ytrimaz's ghost, novice MiBe
Lair:3 2 transporters


Innate Abilities, Weirdness & Mutations

You are too large for most types of armour.
You have claws for hands.
Your natural rate of healing is unusually fast.
You are covered in fur. (AC +1)
You have tough skin. (AC +1)


Message History

Okay, then.
Unknown command.
Okay, then.
Unknown command.
Okay, then.
Unknown command.
Okay, then.
Unknown command.
You feel stable enough to blink again.
Casting: Blink (safe; 1% risk of failure)
Confirm with . or Enter, or press ? or * to list all spells.
You blink.
The komodo dragon closely misses you.
You barely miss the eight-headed hydra. You claw the eight-headed hydra!
The eight-headed hydra is severely wounded.
The komodo dragon completely misses you.
The eight-headed hydra bites you.
The eight-headed hydra barely misses you.
The eight-headed hydra bites you! The eight-headed hydra misses you.
The eight-headed hydra barely misses you.
The eight-headed hydra bites you! x2
* * * LOW HITPOINT WARNING * * *
The eight-headed hydra completely misses you.
Throw: 5 large rocks
Press: ? - help, Q - select action, (/) - cycle Shift-Dir - straight line, f/p - eight-headed hydra
Aim: an eight-headed hydra (severely wounded, 85% to hit)
You throw a large rock.
The large rock hits the eight-headed hydra.
The eight-headed hydra is severely wounded.
You feel stable enough to blink again. The komodo dragon bites you!
* * * LOW HITPOINT WARNING * * *
The eight-headed hydra misses you. The eight-headed hydra bites you!
* * * LOW HITPOINT WARNING * * *
The eight-headed hydra bites you.
* * * LOW HITPOINT WARNING * * *
The eight-headed hydra barely misses you.
The eight-headed hydra bites you!
* * * LOW HITPOINT WARNING * * *
The eight-headed hydra misses you. The eight-headed hydra bites you!
You die...

###### ##.#P#.##
..##....###
..........#
..##.....##
..######..########
..# #...#....l@#
..# ##.......D##
.## #P.#.#.#(.#
#.# #########.#
### ..# # (.(#
(..## (... #....


You could see an eight-headed hydra and a komodo dragon.

Vanquished Creatures
  Gastronok (D:9)
  4 hydras
  A catoblepas (D:8)
  Erica (D:9)
  Erolcha (D:9)
  2 death yaks (Lair:2)
  3 two-headed ogres
  Urug (Lair:2)
  Nergalle (Lair:3)
  A cyclops (D:11)
  A manticore (D:8)
  4 black mambas
  5 orange demons (D:10)
  Psyche (D:8)
  2 komodo dragons (Lair:1)
  A torpor snail (Lair:2)
  4 cane toads
  An unseen horror (D:7)
  2 rime drakes
  A red devil (D:10)
  3 trolls (D:11)
  A polar bear (Lair:2)
  Prince Ribbit (D:7)
  9 blink frogs (Lair:1)
  A shadow (D:10)
  A wyvern (Lair:4)
  A steam dragon (D:7)
  3 wraiths
  13 yaks
  7 basilisks
  5 vampire mosquitoes
  Grum (D:8)
  An acid dragon (D:11)
  13 water moccasins
  A hornet zombie (D:7)
  2 black bears
  5 orc warriors
  A sky beast (D:7)
  A necrophage (D:7)
  2 ogres
  11 centaurs
  14 wolves
  3 phantoms
  A kobold brigand (D:7)
  A scorpion (D:4)
  14 bullfrogs
  A wyvern zombie (D:6)
  A gnoll sergeant (D:9)
  A water moccasin zombie (D:5)
  A troll zombie (D:11)
  7 killer bees
  10 wights
  4 howler monkeys
  2 centaur zombies
  A gnoll shaman (D:6)
  5 orc priests
  Crazy Yiuf (D:7)
  A centaur skeleton (D:6)
  4 jellies
  2 iguanas (D:6)
  6 orc wizards
  4 hell rats (Lair:3)
  2 killer bee zombies (D:8)
  7 ogre zombies (D:11)
  A hound skeleton (D:5)
  4 howler monkey zombies
  8 adders
  8 gnolls
  A shadow imp (D:5)
  2 white imps
  3 worms
  3 dart slugs
  29 orcs
  8 endoplasms
  A giant cockroach (D:3)
  9 goblins
  8 hobgoblins
  2 jackals (D:1)
  7 kobolds
  3 quokkas
  6 ball pythons
  4 bats
  2 frilled lizards
  4 goblin skeletons (D:11)
  2 hobgoblin skeletons (D:11)
  4 hobgoblin zombies (D:11)
  5 orc skeletons (D:11)
  10 orc zombies (D:11)
  6 rats
354 creatures vanquished.

Vanquished Creatures (others)
  2 orc wizards
  19 fungi
  18 plants
39 creatures vanquished.

Grand Total: 393 creatures vanquished

Notes
Turn   | Place    | Note
-------+----------+-------------------------------------------
     0 | D:1      | frimble the Troll Warper began the quest for the Orb.
     0 | D:1      | Reached XP level 1. HP: 19/19 MP: 1/1
   136 | D:1      | Reached XP level 2. HP: 28/28 MP: 2/2
   823 | D:2      | Reached XP level 3. HP: 28/35 MP: 3/3
   897 | D:3      | Found Isenicat's Jewellery Shop.
   991 | D:3      | Learned a level 2 spell: Blink
  1010 | D:3      | Found Vilet's Distillery.
  1022 | D:3      | Bought a potion of curing for 33 gold pieces
  1215 | D:3      | Reached XP level 4. HP: 42/42 MP: 4/4
  1252 | D:3      | Found a faded altar of an unknown god.
  1391 | D:3      | Found a sparkling altar of Nemelex Xobeh.
  1489 | D:4      | Found Iloigo Muept's Antique Armour Emporium.
  1580 | D:4      | Reached skill level 3 in Unarmed Combat
  1617 | D:4      | Found a basalt altar of Yredelemnul.
  1751 | D:4      | Found a bloodstained altar of Trog.
  1753 | D:4      | Found a burning altar of Makhleb.
  1770 | D:4      | Noticed a scorpion
  1785 | D:4      | Killed a scorpion
  1786 | D:4      | Reached XP level 5. HP: 33/50 MP: 5/5
  2112 | D:5      | Entered Level 5 of the Dungeon
  2177 | D:5      | Noticed an ogre
  2187 | D:5      | Killed an ogre
  2188 | D:5      | Reached skill level 4 in Unarmed Combat
  2188 | D:5      | Reached XP level 6. HP: 59/59 MP: 6/6
  2201 | D:5      | Found a staircase to the Ecumenical Temple.
  2513 | D:2      | Reached skill level 5 in Unarmed Combat
  3442 | D:6      | Reached XP level 7. HP: 67/67 MP: 7/7
  3507 | D:6      | Learned a level 1 spell: Apportation
  3836 | D:6      | Reached skill level 6 in Unarmed Combat
  4422 | D:6      | Reached skill level 7 in Unarmed Combat
  4422 | D:6      | Reached XP level 8. HP: 36/78 MP: 6/8
  4460 | D:6      | Identified a scroll of acquirement
  4460 | D:6      | Acquired a +0 hat of willpower
  4594 | D:7      | Killed an unseen horror
  4662 | D:7      | Reached skill level 8 in Unarmed Combat
  4684 | D:7      | Reached skill level 5 in Fighting
  4707 | D:7      | Reached skill level 5 in Translocations
  4740 | D:7      | Reached XP level 9. HP: 78/88 MP: 9/9
  5077 | D:7      | Noticed Prince Ribbit
  5097 | D:7      | Killed Prince Ribbit
  5098 | D:7      | Reached skill level 9 in Unarmed Combat
  5203 | D:7      | Found a hide-covered altar of Uskayaw.
  5293 | D:7      | Found an ancient bone altar of Kikubaaqudgha.
  5293 | D:7      | Found an iron altar of Okawaru.
  5293 | D:7      | Found a snail-covered altar of Cheibriados.
  5293 | D:7      | Found a stormy altar of Qazlal.
  5300 | D:7      | Found a radiant altar of Vehumet.
  5305 | D:7      | Found an ornate altar of the Wu Jian Council.
  5375 | D:7      | Found a runed translucent door.
  5376 | D:7      | Noticed Crazy Yiuf
  5384 | D:7      | Killed Crazy Yiuf
  5585 | D:8      | Noticed a seven-headed hydra
  5593 | D:8      | Noticed a manticore
  5605 | D:8      | Noticed a two-headed ogre
  5614 | D:7      | Reached skill level 1 in Throwing
  5742 | D:8      | Reached skill level 10 in Unarmed Combat
  5785 | D:9      | Found a glowing golden altar of the Shining One.
  5871 | D:9      | Noticed Erolcha
  5886 | D:9      | Killed Erolcha
  5887 | D:9      | Reached XP level 10. HP: 93/98 MP: 10/10
  5910 | D:9      | Noticed Erica
  5914 | D:9      | Noticed a two-headed ogre
  5916 | D:10     | Entered Level 10 of the Dungeon
  5916 | D:10     | Noticed a two-headed ogre
  5916 | D:10     | Found Gigemmili's Weapon Shop.
  5926 | D:10     | Killed a two-headed ogre
  6185 | D:10     | Noticed an orange demon
  6186 | D:10     | Noticed an orange demon
  6187 | D:10     | Noticed an orange demon
  6352 | D:9      | Killed Erica
  6353 | D:9      | Reached skill level 11 in Unarmed Combat
  6375 | D:9      | Killed a two-headed ogre
  6553 | D:9      | Noticed Gastronok
  6577 | D:9      | Killed Gastronok
  6578 | D:9      | Reached XP level 11. HP: 75/109 MP: 11/11
  6652 | D:9      | Reached skill level 5 in Throwing
  6675 | D:9      | Found a shimmering altar of Xom.
  6684 | D:9      | Found a broken altar of Ashenzari.
  6888 | D:8      | Noticed Grum
  6965 | D:8      | Killed Grum
  6978 | D:8      | Killed a two-headed ogre
  7189 | D:10     | Found a staircase to the Lair.
  7660 | D:11     | Noticed an eight-headed hydra
  7666 | D:11     | Killed an eight-headed hydra
  7681 | D:11     | Reached skill level 1 in Evocations
  8033 | D:11     | Found a staircase to the Orcish Mines.
  8470 | D:8      | Noticed Psyche
  8491 | D:8      | Killed Psyche
  8500 | D:8      | Noticed a catoblepas
  8516 | D:8      | Killed a catoblepas
  8517 | D:8      | Reached XP level 12. HP: 34/122 MP: 12/12
  8573 | D:8      | Found a glowing silver altar of Zin.
  8674 | D:8      | Killed a seven-headed hydra
  8721 | D:8      | Found a runed translucent door.
  8724 | D:8      | Noticed ytrimaz's ghost (novice MiBe)
  8967 | Lair:1   | Entered Level 1 of the Lair of Beasts
  9141 | D:7      | Became a worshipper of Cheibriados the Contemplative
  9420 | Lair:1   | Reached * piety under Cheibriados
  9427 | Lair:1   | Reached skill level 1 in Invocations
  9785 | Lair:1   | Noticed an eight-headed hydra
  9789 | Lair:1   | Killed an eight-headed hydra
 10101 | Lair:2   | Noticed a four-headed hydra
 10114 | Lair:2   | Killed a four-headed hydra
 10115 | Lair:2   | Reached skill level 5 in Dodging
 10172 | Lair:2   | Noticed a death yak
 10173 | Lair:2   | Noticed a death yak
 10188 | Lair:2   | Killed a death yak
 10192 | Lair:2   | Killed a death yak
 10340 | Lair:2   | Noticed Urug
 10358 | Lair:2   | Killed Urug
 10383 | Lair:2   | Reached ** piety under Cheibriados
 11091 | Lair:3   | Noticed Nergalle
 11096 | Lair:3   | Killed Nergalle
 11097 | Lair:3   | Reached XP level 13. HP: 132/132 MP: 14/14
 11167 | Lair:3   | Found a staircase to the Shoals.
 11361 | Lair:3   | Found a transporter.
 11363 | Lair:3   | Found a transporter.
 11717 | Lair:4   | Found a staircase to the Snake Pit.
 11799 | Lair:4   | Reached skill level 1 in Shields
 11876 | Lair:4   | Reached *** piety under Cheibriados
 12484 | Lair:5   | Found a viscous altar of Jiyva.
 12484 | Lair:5   | Found a staircase to the Slime Pits.
 12625 | Lair:5   | Slain by an eight-headed hydra

Illustrated notes

Levels and vault maps discovered:
D:1:      eino_arrival_cavern_d, layout_basic
D:2:      layout_basic
D:3:      layout_basic, general_overflow_altar, serial_shops, shop, shop,
          ebering_ecumenical_altar_rust
D:4:      layout_loops_cross, yredelemnul_altar_generic,
          grunt_temple_overflow_open, serial_shops, shop
D:5:      layout_basic, temple_pool_b
D:6:      layout_loops_ring
D:7:      layout_basic, mainiacjoe_overflow_alcove_4,
          minmay_overflow_temple_hex, uniq_prince_ribbit1,
          uniq_crazy_yiuf_cottage
D:8:      minmay_diamond_stairs, layout_rooms,
          mainiacjoe_overflow_concentric_impassable, ebering_ghost_inner_flame,
          uniq_psyche, uniq_grum
D:9:      layout_cave_pools, overflow_temple_1_default, minitemple,
          hangedman_decor_points, uniq_gastronok, uniq_erica, uniq_erolcha
D:10:     layout_rooms, lair_entry_dummy, serial_shops, shop,
          chequers_serial_rivers_micro_a, minmay_beelzebubs_servants
D:11:     wander_river, layout_basic, zombieorc2_lemuel
Lair:1:   layout_regular_city, minivault_19
Lair:2:   layout_chaotic_city, cheibrodos_lair_reptile_den,
          infiniplex_staircase_pool_2, uniq_urug
Lair:3:   gammafunk_boulding_lane, layout_chaotic_city,
          minmay_shoals_entry_centaurs, uniq_nergalle
Lair:4:   layout_cave_shapes, minmay_snake_entry_six_corridors,
          nicolae_lair_grove_arrangements, serial_bayou_shore_b
Lair:5:   layout_loops_ring, slime_altar_1, lemuel_fruit_tree,
          lemuel_fruit_fields

Skill      XL: |  1  2  3  4  5  6  7  8  9 10 11 12 13 |
---------------+----------------------------------------+-----
Dodging        | 2 3 5 |  5.4
Fighting       | 2 3 4 5 6 7 8 9 |  9.9
Unarmed Combat | 3 4 5 7 8 10 11 | 11.6
Translocations | 3 4 5 6 7 |  7.6
Throwing       | 2 4 6 8 |  8.5
Evocations     | 2 4 |  4.3
Invocations    | 3 |  3.6
Shields        | 2 |  2.2
Spellcasting   | |  1.2

Action                   |  1- 3 |  4- 6 |  7- 9 | 10-12 | 13-15 || total
-------------------------+-------+-------+-------+-------+-------++-------
Melee: Unarmed           |    94 |   146 |   242 |   594 |   134 ||  1210
       Punch             |       |     5 |     4 |    44 |    12 ||    65
Throw: Boomerang         |       |       |       |    19 |       ||    19
       Large rock        |       |       |       |    37 |     6 ||    43
       Dart              |       |       |       |    13 |       ||    13
 Cast: Blink             |       |       |     4 |     4 |     3 ||    11
  Use: Scroll            |     2 |     4 |     7 |     8 |     1 ||    22
       Potion            |       |       |     2 |       |       ||     2
 Stab: Sleeping          |     1 |       |     4 |     4 |       ||     9
Armor: Robe              |    26 |    32 |    93 |   155 |       ||   306
       Troll leather arm |       |       |       |   115 |    56 ||   171
Dodge: Dodged            |    44 |    54 |   137 |   348 |   131 ||   714

Table legend: (Time is in decaauts)
 A = Elapsed time spent in this place.
 B = Non-inter-level travel time spent in this place.
 C = Inter-level travel time spent in this place.
 D = Time resting spent in this place.
 E = Time spent auto-exploring this place.
 F = Levels seen in this place.
 G = Mean time per level.
                   A        B        C        D        E       F      G
               +--------+--------+--------+--------+--------+-----+--------+
         Total |  13907 |  12659 |   1248 |     51 |   9685 |  16 |  869.2 |
       Dungeon |   9177 |   8091 |   1086 |     51 |   5888 |  11 |  834.3 |
          Lair |   4730 |   4569 |    161 |      0 |   3797 |   5 |  946.0 |
               +--------+--------+--------+--------+--------+-----+--------+

Top non-repeatable levels by time:
  Lair:2: 1244 daAuts
  Lair:4: 1188 daAuts
  Lair:1: 1087 daAuts
     D:7: 1071 daAuts
     D:9: 1031 daAuts
  Lair:3: 1011 daAuts
    D:10: 915 daAuts
     D:8: 897 daAuts
     D:5: 871 daAuts
     D:6: 827 daAuts
     D:1: 813 daAuts
    D:11: 789 daAuts
     D:3: 729 daAuts
     D:4: 728 daAuts
     D:2: 501 daAuts
